 Dungeon Crawl Stone Soup version 0.17-a0-1853-ge1bd2c8 (webtiles) character file.

105 Grim the Chopper (level 4, 0/39 HPs)
             Began as a Hill Orc Fighter on Sept 20, 2015.
             Succumbed to an orc's poison
             ... on level 4 of the Dungeon.
             The game lasted 00:06:40 (3194 turns).

Grim the Chopper (Hill Orc Fighter)                 Turns: 3194, Time: 00:06:40

Health: 0/39       AC: 11    Str: 18    XL:     4   Next: 81%
Magic:  4/4        EV:  7    Int:  8    God:
Gold:   110        SH:  9    Dex: 11    Spells: 0 memorised, 3 levels left

rFire  . . .     SeeInvis +     a - +0 war axe
rCold  + . .     Clarity  .     b - +0 scale mail
rNeg   . . .     SustAt   .     c - +0 shield
rPois  .         Gourm    .     y - +2 helmet {SInv}
rElec  .         Spirit   .     l - +0 cloak
rCorr  .         Warding  .     (no gloves)
rMut   .         Stasis   .     (no boots)
MR     .....                    (no amulet)
Stlth  ..........               (no ring)
                                p - ring of protection from cold

@: lethally poisoned (0 -> -7), not resistant to hostile enchantments, extremely
unstealthy
A: no striking features
a: Convert to Beogh


You were on level 4 of the Dungeon.
You were not hungry.

You visited 1 branch of the dungeon, and saw 4 of its levels.

You collected 110 gold pieces.

Inventory:

Hand weapons
 a - a +0 war axe (weapon)
Missiles
 h - 4 poisoned javelins (quivered)
Armour
 b - a +0 scale mail (worn)
 c - a +0 shield (worn)
 l - a +0 cloak (worn)
 y - a +2 helmet of see invisible (worn)
Jewellery
 p - a ring of protection from cold (left hand)
 x - an uncursed ring of loudness
Scrolls
 f - a scroll of immolation {unknown}
 i - a scroll of teleportation {unknown}
 j - a scroll of enchant armour {unknown}
 n - a scroll of remove curse
 q - a scroll of enchant weapon {unknown}
 s - a scroll of fog
 v - a scroll of recharging {unknown}
 w - a scroll of identify
 A - a scroll of blinking {unknown}
Potions
 d - a potion of might
 g - a potion of heal wounds {unknown}
 k - 2 potions of haste
 m - 2 potions of agility
 r - a potion of degeneration {unknown}
 u - 2 potions of curing {unknown}
Comestibles
 e - 3 bread rations
 o - 4 meat rations
 t - a royal jelly


   Skills:
 - Level 3.6 Fighting
 + Level 6.4 Axes
 - Level 3.2 Armour
 - Level 3.2 Shields


You had 3 spell levels left.
You didn't know any spells.

Dungeon Overview and Level Annotations

Branches:
Dungeon (4/15)
 Temple: D:4-7

Altars:
Nemelex Xobeh
Vehumet


Message History

* * * LOW HITPOINT WARNING * * *
You feel sick. The orc priest closely misses you. You block the orc's attack.
You block the orc priest's attack.
The orc priest shouts, "Surrender to Beogh and we'll let you live!"
You hit the orc priest but do no damage.
The orc priest is heavily wounded.
You hit the orc.
You kill the orc!
* * * LOW HITPOINT WARNING * * *
You feel sick.
The orc priest looks braver for a moment.
Unknown command.
You closely miss the orc priest.
The orc priest is heavily wounded.
* * * LOW HITPOINT WARNING * * *
You feel sick. The orc priest barely misses you.
Unknown command.
You hit the orc priest but do no damage.
The orc priest is heavily wounded.
You die...

#########
#@)......
#..o)...####
#.##.##.# ..
(.# # ## ...
...$ .#..
..####


You could see an orc priest.

Vanquished Creatures
  2 adders (D:3)
  2 worms
  5 orcs
  4 giant cockroaches
  10 goblins
  9 hobgoblins
  4 jackals (D:2)
  8 bats
  4 giant geckos
  2 giant newts
  9 kobolds
  9 rats
68 creatures vanquished.

Notes
Turn   | Place    | Note
--------------------------------------------------------------
     0 | D:1      | Grim the Hill Orc Fighter began the quest for the Orb.
     0 | D:1      | Reached XP level 1. HP: 19/19 MP: 1/1
   365 | D:1      | Reached XP level 2. HP: 23/26 MP: 2/2
   441 | D:1      | Reached skill level 4 in Axes
   932 | D:2      | Reached XP level 3. HP: 26/31 MP: 3/3
  1322 | D:2      | Reached skill level 5 in Axes
  2050 | D:3      | Reached XP level 4. HP: 39/39 MP: 4/4
  2215 | D:3      | Found a sparkling altar of Nemelex Xobeh.
  2297 | D:3      | Reached skill level 6 in Axes
  2729 | D:3      | Found a radiant altar of Vehumet.
  3193 | D:4      | HP: 1/39 [poisoned by an orc]
  3194 | D:4      | Succumbed to an orc's poison

Vault maps used:
D:1:      minmay_arrival_radiant_lines
D:3:      lemuel_doored_altar, first_bread, nemelex_lonely_heart_becter
D:4:      grunt_temple_overflow_opulence, serial_shops, shop_statue,
          portal_sewer_entry_b, makhleb_altar_promises_db, uniq_edmund

Action                   |  1- 3 |  4- 6 || total
-------------------------+-------+-------++-------
Melee: War axe           |   159 |    71 ||   230
  Use: Scroll            |     4 |       ||     4
  Eat: Chunk             |     3 |     3 ||     6
       Bread ration      |       |     1 ||     1
